 Dungeon Crawl Stone Soup version 0.17-a0-2231-gd80ca38 (webtiles) character file.

81 M4edhros the Sneak (level 4, -2/28 HPs)
             Began as an Octopode Artificer on Oct 29, 2015.
             Slain by an orc
             ... wielding a +0 short sword
              (6 damage)
             ... on level 3 of the Dungeon.
             The game lasted 00:01:54 (1278 turns).

M4edhros the Sneak (Octopode Artificer)             Turns: 1278, Time: 00:01:54

Health: -2/28      AC:  1    Str: 10    XL:     4   Next: 42%
Magic:  0/7        EV: 10    Int: 14    God:    Xom [..*...]
Gold:   112        SH:  0    Dex: 13    Spells: 0 memorised, 3 levels left

rFire  . . .     SeeInvis .     p - +3 dagger
rCold  . . .     Clarity  .     (no shield)
rNeg   . . .     SustAt   .     (helmet restricted)
rPois  .         Gourm    .     k - amulet of guardian spirit
rElec  .         Spirit   +     q - -2 ring of evasion (curse)
rCorr  .         Warding  .     (no ring)
rMut   .         Stasis   .     (no ring)
MR     .....                    (no ring)
Stlth  ++++......               (no ring)
                                (no ring)
                                (no ring)
                                (no ring)

@: not resistant to hostile enchantments, stealthy
A: almost no armour, amphibious, 8 rings, constrict 8, camouflage 1, gelatinous
body 1
a: Renounce Religion


You were on level 3 of the Dungeon.
You worshipped Xom.
You were a toy of Xom.
You were not hungry.

You visited 1 branch of the dungeon, and saw 3 of its levels.

You collected 112 gold pieces.

Inventory:

Hand Weapons
 a - a +0 short sword
 l - a +0 hunting sling
 o - a +0 hunting sling
 p - a +3 dagger (weapon)
Missiles
 m - 22 stones (quivered)
Jewellery
 k - an amulet of guardian spirit (around mantle)
 n - an uncursed amulet of resist mutation {unknown}
 q - a cursed -2 ring of evasion (left tentacle)
Wands
 b - a wand of flame (10)
 c - a wand of enslavement (13)
 d - a wand of random effects (15)
Scrolls
 s - 2 scrolls of magic mapping {unknown}
Potions
 f - a potion of cancellation {unknown}
 h - a potion of might {unknown}
 i - a potion of agility {unknown}
 j - 2 potions of brilliance {unknown}
 r - a potion of heal wounds {unknown}
Comestibles
 e - 2 bread rations
 g - a meat ration
 t - a chunk of flesh


   Skills:
 - Level 1.0 Fighting
 - Level 1.0 Short Blades
 - Level 2.0 Dodging
 * Level 4.9 Stealth
 + Level 4.1 Evocations


You had 3 spell levels left.
You didn't know any spells.

Dungeon Overview and Level Annotations

Branches:
Dungeon (3/15)

Altars:
Xom


Innate Abilities, Weirdness & Mutations

You cannot wear most types of armour.
You are amphibious.
You can wear up to eight rings at the same time.
You can use your tentacles to constrict eight enemies at once.
Your skin changes colour to match your surroundings (Stealth).
Your rubbery body absorbs attacks (AC +1).


Message History

You are too injured to fight recklessly!
You are too injured to fight recklessly!
Drink which item? (? for menu, Esc to quit)
Okay, then.
Evoke which item? (* to show all) (? for menu, Esc to quit)
Zapping:
b - a wand of flame (12)
Press: ? - help, Shift-Dir - straight line, f - orc priest
Aim: an orc priest, wielding a short sword (almost dead)
The puff of flame hits the orc priest.
You kill the orc priest!
You have reached level 4!
This wand has 11 charges left.
Evoke which item? (* to show all) (? for menu, Esc to quit)
Zapping:
b - a wand of flame (11)
Press: ? - help, Shift-Dir - straight line, f - orc
Aim: an orc, wielding a short sword The puff of flame misses the orc.
This wand has 10 charges left.
The orc hits you with a short sword.
You die... "Huh?
Did I miss anything?"

####'#......# #
#.######.### #
##.######.#..... #
#......##.#.... #
#......##.#.... #
#......##.#...
#......##.#... #
#......##.#..#####
#
##.######.#..)@o.#
## #.# #.##.###.#
.# #.# #....# #
.###'###########
.#..........
...........#
..<........#
..........##
..........#


You could see an orc.

Vanquished Creatures
  An orc priest (D:3)
  An adder (D:2)
  An ooze (D:3)
  A worm (D:3)
  4 orcs (D:3)
  A ball python (D:2)
  4 hobgoblins
  A jackal (D:1)
  A giant cockroach (D:1)
  4 giant newts (D:1)
  3 goblins (D:1)
  7 kobolds
  A rat (D:1)
30 creatures vanquished.

Vanquished Creatures (collateral kills)
  A jackal (D:1)
1 creature vanquished.

Vanquished Creatures (others)
  A jackal (D:1)
1 creature vanquished.

Grand Total: 32 creatures vanquished

Notes
Turn   | Place    | Note
--------------------------------------------------------------
     0 | D:1      | M4edhros the Octopode Artificer began the quest for the Orb.
     0 | D:1      | Reached XP level 1. HP: 13/13 MP: 3/3
   361 | D:1      | Reached XP level 2. HP: 4/18 MP: 4/4
   997 | D:2      | Reached XP level 3. HP: 23/23 MP: 5/5
  1152 | D:3      | Found a shimmering altar of Xom.
  1204 | D:3      | Became a worshipper of Xom of Chaos
  1225 | D:3      | Reached skill level 4 in Stealth
  1277 | D:3      | Reached XP level 4. HP: 3/28 MP: 0/7
  1278 | D:3      | Slain by an orc

Vault maps used:
D:1:      lemuel_arrival_rhombus, serial_forest, infiniplex_forest_straight_2,
          infiniplex_forest_clump_C, infiniplex_forest_clump_cross,
          infiniplex_forest_straight_1, infiniplex_forest_clump_cross,
          infiniplex_forest_lined_3_way, infiniplex_forest_straight_3,
          infiniplex_forest_end_2, minmay_tree_intersection
D:3:      overflow_temple_1_default, first_bread

Action                   |  1- 3 |  4- 6 || total
-------------------------+-------+-------++-------
Melee: Short sword       |    39 |       ||    39
       Dagger            |    25 |       ||    25
Evoke: Wand              |     5 |     2 ||     7
  Use: Scroll            |     1 |       ||     1
 Stab: Sleeping          |    10 |       ||    10
  Eat: Chunk             |     1 |       ||     1
